 Dungeon Crawl Stone Soup version 0.24.0-124-g2791043dd8 (webtiles) character file.

Game seed: 9436537947553714627, levelgen mode: deterministic

4090 HawFromDerth the Grappler (level 10, -15/98 HPs)
             Began as a Grey Draconian Berserker on Feb 16, 2020.
             Was an Elder of Trog.
             Demolished by Snorg (20 damage)
             ... on level 10 of the Dungeon.
             The game lasted 00:18:54 (7385 turns).

HawFromDerth the Grappler (DrBe)                    Turns: 7385, Time: 00:18:54

Health: -15/98     AC: 12    Str: 20    XL:     10   Next: 5%
Magic:  10/10      EV: 15    Int:  8    God:    Trog [****..]
Gold:   386        SH:  3    Dex: 11    Spells: 9/9 levels left

rFire    . . .     SeeInvis .   u - +0 battleaxe
rCold    + . .     Gourm    .   (shield currently unavailable)
rNeg     . . .     Faith    .   (armour unavailable)
rPois    .         Spirit   .   (helmet restricted)
rElec    .         Reflect  +   b - scarf {repulsion}
rCorr    .         Harm     .   (no gloves)
MR       +....                  (no boots)
Stlth    ++........             n - +3 amulet of reflection
HPRegen  0.26/turn              r - ring of protection from cold
MPRegen  0.12/turn              d - ring of protection from magic

@: hasted, lightly drained, repel missiles, very quick
A: walk through water, unfitting armour, robust 2, weak 1, unbreathing,
cold-blooded, AC +12
a: Berserk, Trog's Hand, Brothers in Arms, Renounce Religion


You were on level 10 of the Dungeon.
You worshipped Trog.
Trog was greatly pleased with you.
You were hungry.

You visited 1 branch of the dungeon, and saw 9 of its levels.

You collected 386 gold pieces.

Inventory:

Hand Weapons
 u - a +0 battleaxe (weapon)
Armour
 b - a scarf of repulsion (worn)
Jewellery
 d - a ring of protection from magic (right hand)
 g - an uncursed ring of poison resistance
 n - a +3 amulet of reflection (around neck)
 p - an uncursed ring of protection from magic
 r - a ring of protection from cold (left hand)
Wands
 c - a wand of digging (5)
 k - a wand of iceblast (8)
 l - a wand of acid (8)
 m - a wand of random effects (11)
 q - a wand of scattershot (5)
Scrolls
 f - a scroll of teleportation
 h - 9 scrolls of identify
 i - a scroll of remove curse {unknown}
 o - a scroll of fear {unknown}
 s - a scroll of vulnerability {unknown}
 t - a scroll of fog {unknown}
Comestibles
 a - 8 rations


   Skills:
 + Level 5.6(5.3) Fighting
 * Level 6.5(6.2) Axes
 + Level 7.1(6.8) Dodging
 + Level 2.8(2.6) Stealth
 - Level 9.9(9.5) Unarmed Combat


You had 9 spell levels left.
You didn't know any spells.
Your spell library was empty.

Dungeon Overview and Level Annotations

Branches:
Dungeon (8/15)             Temple (0/1) D:4
   Lair: D:8-11

Altars:
Makhleb
Nemelex Xobeh
Trog
Uskayaw
Xom

Shops:
D:7 ?

Annotations:
D:8 Maurice
D:10 Snorg


Innate Abilities, Weirdness & Mutations

You can walk through water.
Your dull iron-grey scales are very hard. (AC +12)
You cannot fit into any form of body armour.
You can survive without breathing.
You are cold-blooded and may be slowed by cold attacks.
You are very robust. (+20% HP)
You are weak. (Str -2)


Message History

As you open the door, it creaks loudly!
Snorg the Insatiable comes into view.
Snorg shouts!
Snorg is nearby!
Snorg is nearby!
Snorg goes berserk!
There is an open door here.
You slash Snorg!
Snorg is lightly wounded.
Snorg bites you! Snorg claws you but does no damage. Snorg claws you.
Snorg bites you!
Snorg barely misses you. x3; Snorg claws you!
Snorg claws you!!
* * * LOW HITPOINT WARNING * * *
Snorg rages.
Snorg bites you!!
* * * LOW HITPOINT WARNING * * *
Snorg barely misses you. Snorg closely misses you.
Okay, then.
You feel yourself speed up. Snorg bites you!!
You die...

######## ########
.......# #......#
....).(#####......#
.......'...#......#
.......###.#......####
.......# #.#....@T'..#
.......#
#.'......##......
...[...# ###......#
#.... ##'#####
#......# .## #.#
####'### #.# #.# #.#
#.# #.# #####'#####
#.# #.........#


You could see Snorg (berserk).

Vanquished Creatures
  2 two-headed ogres (D:8)
  A yak (D:8)
  A hungry ghost (D:8)
  A water moccasin (D:5)
  2 porcupines (D:8)
  3 orc warriors
  A sky beast (D:7)
  2 ice beasts (D:6)
  3 phantoms
  3 ogres
  2 centaurs
  A bullfrog (D:8)
  A scorpion (D:4)
  3 wights (D:10)
  2 bullfrog zombies
  2 jellies
  A gnoll shaman (D:8)
  3 hounds
  2 orc priests
  Jessica (D:2)
  2 iguanas
  3 orc wizards
  4 worker ants
  Robin (D:2)
  4 gnolls (D:8)
  6 adders
  A shadow imp (D:7)
  2 oozes
  An adder zombie (D:7)
  An adder skeleton (D:7)
  2 dart slugs
  2 worms
  A leopard gecko (D:2)
  15 orcs
  A ball python (D:2)
  4 giant cockroaches
  4 hobgoblins
  11 jackals
  2 quokkas
  7 bats
  3 frilled lizards
  12 goblins
  6 kobolds
  5 rats
137 creatures vanquished.

Vanquished Creatures (others)
  2 fungi (D:8)
2 creatures vanquished.

Grand Total: 139 creatures vanquished

Notes
Turn   | Place    | Note
-------+----------+-------------------------------------------
     0 | D:1      | HawFromDerth the Draconian Berserker began the quest for
                  | the Orb.
     0 | D:1      | Reached XP level 1. HP: 19/19 MP: 1/1
   317 | D:1      | Reached XP level 2. HP: 25/26 MP: 2/2
   814 | D:2      | Noticed Jessica
   819 | D:2      | Killed Jessica
   819 | D:2      | Reached XP level 3. HP: 30/31 MP: 3/3
   856 | D:2      | Found a sparkling altar of Nemelex Xobeh.
   898 | D:2      | Reached ** piety under Trog
   951 | D:2      | Reached XP level 4. HP: 32/40 MP: 4/4
  1097 | D:2      | Found a burning altar of Makhleb.
  1447 | D:2      | Noticed Robin
  1452 | D:2      | Reached skill level 4 in Unarmed Combat
  1461 | D:2      | Killed Robin
  1479 | D:2      | Gained mutation: You are weak. (Str -2) [potion of
                  | mutation]
  1479 | D:2      | Gained mutation: You are robust. (+10% HP) [potion of
                  | mutation]
  1479 | D:2      | Gained mutation: You are very robust. (+20% HP) [potion of
                  | mutation]
  1479 | D:2      | HP: 3/72 [poisoned by an adder]
  2443 | D:3      | Found a hide-covered altar of Uskayaw.
  2898 | D:4      | Noticed an ogre
  2938 | D:4      | Killed an ogre
  2938 | D:4      | Reached XP level 5. HP: 55/55 MP: 5/5
  3028 | D:4      | Reached skill level 5 in Unarmed Combat
  3081 | D:4      | Reached skill level 1 in Stealth
  3081 | D:4      | Reached XP level 6. HP: 51/62 MP: 6/6
  3168 | D:4      | Found a staircase to the Ecumenical Temple.
  3451 | D:4      | Reached *** piety under Trog
  3532 | D:4      | Found a shimmering altar of Xom.
  3587 | D:5      | Entered Level 5 of the Dungeon
  3653 | D:5      | Reached skill level 6 in Unarmed Combat
  3653 | D:5      | Your scales start taking on a dull iron-grey colour.
  3653 | D:5      | Reached XP level 7. HP: 54/70 MP: 7/7
  3653 | D:5      | Gained mutation: You can survive without breathing. [Grey
                  | Draconian growth]
  4064 | D:5      | Found a bloodstained altar of Trog.
  4104 | D:5      | You fall into a shaft and drop 2 floors!
  4121 | D:7      | Found Niemomm's Magic Scroll Shoppe.
  4145 | D:7      | Reached skill level 5 in Dodging
  4235 | D:7      | Reached skill level 7 in Unarmed Combat
  4878 | D:6      | Reached XP level 8. HP: 47/80 MP: 8/8
  5286 | D:6      | Reached skill level 8 in Unarmed Combat
  5642 | D:8      | Noticed a two-headed ogre
  5654 | D:8      | Killed a two-headed ogre
  5654 | D:8      | Reached skill level 5 in Fighting
  5654 | D:8      | Reached skill level 9 in Unarmed Combat
  5654 | D:8      | Reached XP level 9. HP: 88/88 MP: 9/9
  5836 | D:8      | Reached **** piety under Trog
  6058 | D:8      | Reached skill level 1 in Axes
  6078 | D:8      | Noticed a two-headed ogre
  6116 | D:8      | HP: 3/132 [two-headed ogre/+0 giant club (6)]
  6118 | D:8      | Killed a two-headed ogre
  6595 | D:8      | Reached skill level 5 in Axes
  6620 | D:8      | Noticed Maurice
  6958 | D:8      | You fall into a shaft and drop 2 floors!
  6958 | D:10     | Entered Level 10 of the Dungeon
  7188 | D:10     | Reached XP level 10. HP: 98/98 MP: 10/10
  7380 | D:10     | Noticed Snorg
  7385 | D:10     | Demolished by Snorg

Levels and vault maps discovered:
D:1:      elethiomel_arrival_quiet, layout_basic
D:2:      layout_loops_ring, nemelex_xobeh_ov_fountains_minmay,
          lemuel_crystal_altar, uniq_jessica, uniq_robin
D:3:      layout_loops_ring, eat_drink_and_be_merry_uskayaw
D:4:      layout_basic, nicolae_overflow_crystal_walls,
          minmay_temple_entry_antechambers, first_ration
D:5:      layout_gridville, tso_oasis_becter, lightli_temple_of_fire
D:6:      layout_cave_pods
D:7:      layout_gridville, serial_shops, shop
D:8:      layout_rooms, grunt_lair_entry_orc_guard_hut, uniq_maurice
D:10:     layout_roguey, uniq_nergalle, uniq_harold, uniq_snorg

Skill      XL: |  1  2  3  4  5  6  7  8  9 |
---------------+----------------------------+-----
Dodging        | 3 4 5 6 7 |  7.1
Unarmed Combat | 4 5 6 7 9 |  9.9
Stealth        | 1 2 |  2.8
Fighting       | 4 5 |  5.6
Axes           | 6 |  6.5

Action                   |  1- 3 |  4- 6 |  7- 9 | 10-12 || total
-------------------------+-------+-------+-------+-------++-------
Melee: Unarmed           |    79 |   166 |   209 |       ||   454
       Tailslap          |    12 |    18 |    30 |     2 ||    62
       Punch             |     1 |     3 |     5 |       ||     9
       Battleaxe         |       |       |   142 |    25 ||   167
Invok: Berserk           |       |     2 |     5 |       ||     7
  Use: Potion            |       |     6 |     7 |     1 ||    14
       Scroll            |       |     6 |       |       ||     6
 Stab: Sleeping          |       |     2 |     1 |       ||     3
  Eat: Chunk             |       |     3 |     2 |       ||     5
       Ration            |       |     2 |     8 |       ||    10
Armor: Skin              |    27 |    51 |   137 |     8 ||   223
Dodge: Dodged            |    57 |   101 |   230 |    23 ||   411
Block: Other             |       |    11 |    57 |     4 ||    72
       Reflection        |       |       |     2 |       ||     2
